 Dungeon Crawl Stone Soup version 0.22.0-38-g04b72b8 (webtiles) character file.

104 poirepourri the Chopper (level 4, -1/40 HPs)
             Began as a Deep Dwarf Fighter on Aug 28, 2018.
             Killed from afar by an orc wizard (9 damage)
             ... with a puff of frost
             ... on level 3 of the Dungeon.
             The game lasted 00:00:42 (501 turns).

poirepourri the Chopper (Deep Dwarf Fighter)         Turns: 501, Time: 00:00:43

Health: -1/40      AC:  6    Str: 19    XL:     4   Next: 52%
Magic:  4/4        EV:  7    Int:  9    God:
Gold:   40         SH:  9    Dex: 13    Spells: 3/3 levels left

rFire    . . .     SeeInvis .   a - +0 war axe
rCold    . . .     Gourm    .   c - +0 shield
rNeg     . . .     Faith    .   b - +0 scale mail
rPois    .         Spirit   .   (no helmet)
rElec    .         Reflect  .   (no cloak)
rCorr    .         Harm     .   (no gloves)
MR       .....                  (no boots)
Stlth    ..........             (no amulet)
HPRegen  0.00/turn              (no ring)
MPRegen  0.09/turn              (no ring)

@: non-regenerating
A: damage resistance, heal wounds, sense surroundings 1, no regeneration
a: Heal Wounds


You were on level 3 of the Dungeon.
You were not hungry.

You visited 1 branch of the dungeon, and saw 3 of its levels.

You collected 40 gold pieces.

Inventory:

Hand Weapons
 a - a +0 war axe (weapon)
Armour
 b - a +0 scale mail (worn)
 c - a +0 shield (worn)
Jewellery
 g - an uncursed amulet of the gourmand {unknown}
Wands
 i - a wand of digging (9)
Scrolls
 j - a scroll of identify {unknown}
 k - a scroll of teleportation {unknown}
Potions
 d - a potion of might
 e - 2 potions of heal wounds {unknown}
 h - 2 potions of degeneration {unknown}
 l - a potion of curing {unknown}
Comestibles
 f - 3 rations


   Skills:
 - Level 2.6 Fighting
 + Level 5.3 Axes
 - Level 3.2 Armour
 - Level 3.2 Shields


You had 3 spell levels left.
You didn't know any spells.
Your spell library was empty.

Dungeon Overview and Level Annotations

Branches:
Dungeon (3/15)

Altars:


Innate Abilities, Weirdness & Mutations

You are resistant to damage.
You can heal yourself by infusing magical energy.
You passively map a small area around you.
You do not regenerate.


Message History

You are too injured to fight recklessly!
You barely miss the orc.
The orc wizard gestures at you while chanting.
The puff of frost hits you! You block the orc's attack.
You closely miss the orc. The orc hits you with a flail!
* * * LOW HITPOINT WARNING * * *
You closely miss the orc. The orc wizard casts a spell at you.
The puff of flame hits you!
An orc wizard comes into view. It is wielding a dagger.
The orc wizard looks encouraged for a moment.
You block the orc's attack.
You closely miss the orc. The orc barely misses you.
You block the orc wizard's attack.
You hit the orc.
You kill the orc!
You miss the orc wizard. The orc wizard casts a spell at you.
The puff of frost hits you!
You die...

#
**#..#...##.≈.≈*
### #...........
).# ##...##...(
#.### ##..>.# *
.≈ ,
#...######..##.#
, , *
###...#....###.##
*≈ * * ###[..####
#..# * #...##
##.####, ≈
.<..#..# #.@o.# ,
* .....##.#
###).....# .....
.. , **,.....## *
#####*,... *
####o.# .... ,, *
*.. , ....# # , ,
, , * , *


You could see 2 orc wizards.

Vanquished Creatures
  Terence (D:2)
  3 adders
  An ooze (D:1)
  2 leopard geckos (D:1)
  4 orcs (D:3)
  3 giant cockroaches
  A goblin (D:1)
  4 hobgoblins
  6 jackals (D:3)
  A quokka (D:2)
  2 ball pythons (D:3)
  4 bats
  5 kobolds
  A leopard gecko zombie (D:3)
  6 rats
44 creatures vanquished.

Notes
Turn   | Place    | Note
-------+----------+-------------------------------------------
     0 | D:1      | poirepourri the Deep Dwarf Fighter began the quest for the Orb.
     0 | D:1      | Reached XP level 1. HP: 20/20 MP: 1/1
    62 | D:1      | Reached skill level 3 in Axes
    70 | D:1      | Reached XP level 2. HP: 22/27 MP: 2/2
   200 | D:2      | Noticed Terence
   215 | D:2      | Killed Terence
   215 | D:2      | Reached skill level 4 in Axes
   215 | D:2      | Reached XP level 3. HP: 20/33 MP: 3/3
   407 | D:3      | Reached XP level 4. HP: 23/40 MP: 4/4
   411 | D:3      | Reached skill level 5 in Axes
   501 | D:3      | Killed from afar by an orc wizard

Skill      XL: |  1  2  3  4 |
---------------+-------------+-----
Axes           | 3 4 5 |  5.3
Fighting       | |  2.6
Armour         | |  3.2
Shields        | |  3.2

Action                   |  1- 3 |  4- 6 || total
-------------------------+-------+-------++-------
Melee: War axe           |    90 |    40 ||   130
Armor: Scale mail        |    36 |    18 ||    54
Dodge: Dodged            |    31 |    15 ||    46
Block: Shield            |    57 |    24 ||    81
